 Dungeon Crawl Stone Soup version 0.28.0-53-g5a82cb258f (webtiles) character file.

Game seed: 4007884423985309211

268 Hopiakuusi the Skirmisher (level 6, -2/62 HPs)
             Began as a Troll Berserker on July 26, 2022.
             Was a Priest of Trog.
             Succumbed to Quickbrownfox's ghost's poison
             ... on level 3 of the Dungeon.
             The game lasted 00:20:25 (2479 turns).

Hopiakuusi the Skirmisher (Troll Berserker)         Turns: 2479, Time: 00:20:26

Health: -2/62      AC:  5    Str: 28    XL:     6   Next: 0%
Magic:  5/5        EV: 10    Int:  3    God:    Trog [***...]
Gold:   172        SH:  0    Dex:  9    Spells: 5/5 levels left

rFire   . . .      SeeInvis .   f - +2 dagger (venom)
rCold   . . .      Faith    .   (no shield)
rNeg    . . .      Spirit   .   i - +0 robe
rPois   .          Reflect  .   (helmet restricted)
rElec   .          Harm     .   y - +0 cloak
rCorr   .          Rampage  .   (gloves unavailable)
Will    .....                   (boots unavailable)
Stlth   +.........              (no amulet)
HPRegen 1.00/turn               (no ring)
MPRegen 0.09/turn               (no ring)

@: lethally poisoned (-2 -> -13)
A: large, unfitting armour, claws 3, regeneration 1, shaggy fur 1, tough skin 1
a: Renounce Religion, Berserk, Trog's Hand


You were on level 3 of the Dungeon.
You worshipped Trog.
Trog was most pleased with you.
You visited 1 branch of the dungeon, and saw 4 of its levels.

You collected 172 gold pieces.

Inventory:

Hand Weapons
 b - a +0 short sword
 c - a +1 spear
 d - a +0 club
 f - a +2 dagger of venom (weapon)
 j - a +0 dagger
 l - a +0 dagger
 n - a +0 short sword
 q - a +0 hunting sling
 r - a +0 whip
 t - a +0 club
 x - a +0 arbalest
 z - a +0 rapier
 A - the +8 quarterstaff "Arbiter" {pain, rElec rN++ rCorr Int-5}
   (You found it on level 3 of the Dungeon)

   In the hands of one skilled in necromantic magic, it inflicts extra damage on
   living creatures.
   Int:       It affects your intelligence (-5).
   rElec:     It insulates you from electricity.
   rN:        It greatly protects you from negative energy.
   rCorr:     It protects you from acid and corrosion.
   Trog disapproves of the use of such an item.
Missiles
 h - 5 silver javelins (quivered)
 k - 45 arrows
Armour
 a - a +0 animal skin
 i - a +0 robe (worn)
 o - a +0 robe
 p - a +0 pair of boots
 v - a +0 ring mail
 w - a +2 leather armour of poison resistance
 y - a +0 cloak (worn)
Magical Staves
 s - a staff of earth
Jewellery
 e - a +6 ring of intelligence
Scrolls
 m - 2 scrolls of fear
 u - a scroll of identify
Potions
 g - a potion of curing {unknown}


   Skills:
 * Level 4.0 Fighting
 + Level 1.2 Short Blades
 + Level 2.0 Polearms
 + Level 3.4 Dodging
 - Level 3.0 Unarmed Combat


You had 5 spell levels left.
You didn't know any spells.
Your spell library contained the following spells:

 Spells                   Type           Power      Damage    Failure   Level
 Ignite Poison            Fire/Tmut/Pois 0%         N/A       88%         3
 Mephitic Cloud           Conj/Pois/Air  0%         N/A       88%         3
 Freezing Cloud           Conj/Ice/Air   0%         6-21      100%        5


Dungeon Overview and Level Annotations

Branches:
Dungeon (4/15)             Temple (0/1) D:4

Altars:

Annotations:
D:3 Quickbrownfox's ghost, amateur DsIE


Innate Abilities, Weirdness & Mutations

You are too large for most types of armour.
You have claws for hands.
Your natural rate of healing is unusually fast.
You are covered in fur. (AC +1)
You have tough skin. (AC +1)


Message History

You are too injured to fight recklessly!
You are too injured to fight recklessly!
You are too injured to fight recklessly!
You are too injured to fight recklessly!
You are too injured to fight recklessly!
You completely miss Quickbrownfox's ghost.
Quickbrownfox's ghost is heavily damaged.
You feel very sick. Quickbrownfox's ghost freezes you.
You are frozen.
* * * LOW HITPOINT WARNING * * *
You barely miss Quickbrownfox's ghost.
Quickbrownfox's ghost is heavily damaged.
You feel very sick.
Quickbrownfox's ghost barely misses you.
You barely miss Quickbrownfox's ghost.
Quickbrownfox's ghost is heavily damaged.
You feel sick.
Quickbrownfox's ghost hits you but does no damage.
You are more poisoned.
You hit Quickbrownfox's ghost but do no damage.
Quickbrownfox's ghost is heavily damaged.
You feel very sick. Quickbrownfox's ghost freezes you.
You are frozen.
* * * LOW HITPOINT WARNING * * *
You hit Quickbrownfox's ghost.
Quickbrownfox's ghost is heavily damaged.
* * * LOW HITPOINT WARNING * * *
You feel very sick.
Quickbrownfox's ghost hits you but does no damage.
You hit Quickbrownfox's ghost.
Quickbrownfox's ghost is severely damaged.
* * * LOW HITPOINT WARNING * * *
You feel sick. Quickbrownfox's ghost hits you.
* * * LOW HITPOINT WARNING * * *
You are more poisoned.
You closely miss Quickbrownfox's ghost.
Quickbrownfox's ghost is severely damaged.
You die...

####.#.......##...#.##...........
#...)...........#................
#.##.#.......#..##..##...........
#.#.......#.....#########...##
#.........##...## #...#
.##...####.####.## #...#
.....####.# #.# #...#
###.....##.# #.# #...#
##.##.##.####@# #....
#...........W##
####.###......#####
#.###............
#......#'#....### ###...##.##...#
#...##...##.... #..##.....##....
#..#⌠.!♣?.⌠#....


You could see Quickbrownfox's ghost.

Vanquished Creatures
  A black bear (D:4)
  A water moccasin skeleton (D:4)
  A hound (D:4)
  2 adders
  2 worms (D:2)
  A dart slug (D:3)
  11 bats
  9 endoplasms
  2 giant cockroaches
  6 goblins
  5 hobgoblins
  4 jackals (D:1)
  8 kobolds
  2 quokkas (D:1)
  2 ball pythons
  5 frilled lizards
  5 rats
67 creatures vanquished.

Notes
Turn   | Place    | Note
-------+----------+-------------------------------------------
     0 | D:1      | Hopiakuusi the Troll Berserker began the quest for the Orb.
     0 | D:1      | Reached XP level 1. HP: 22/22 MP: 0/0
   101 | D:1      | Reached XP level 2. HP: 29/29 MP: 1/1
   518 | D:2      | Reached skill level 3 in Fighting
   847 | D:2      | Reached XP level 3. HP: 37/37 MP: 2/2
   872 | D:2      | Reached ** piety under Trog
  1557 | D:2      | Reached skill level 1 in Polearms
  1747 | D:3      | Noticed Quickbrownfox's ghost (amateur DsIE)
  1751 | D:3      | Found a runed translucent door.
  1850 | D:4      | Noticed a black bear
  1870 | D:4      | Reached XP level 4. HP: 42/45 MP: 3/3
  1871 | D:4      | Killed a black bear
  1872 | D:4      | Reached skill level 1 in Short Blades
  1872 | D:4      | Reached XP level 5. HP: 43/54 MP: 4/4
  2035 | D:4      | Found a staircase to the Ecumenical Temple.
  2358 | D:3      | Reached skill level 4 in Fighting
  2392 | D:3      | Reached *** piety under Trog
  2393 | D:3      | Reached XP level 6. HP: 62/62 MP: 5/5
  2399 | D:3      | Identified the +8 quarterstaff "Arbiter" {pain, rElec rN++
                  | rCorr Int-5}
  2478 | D:3      | HP: 1/62 [Quickbrownfox's ghost (3)]
  2479 | D:3      | Succumbed to Quickbrownfox's ghost's poison

Illustrated notes

Levels and vault maps discovered:
D:1:      dpeg_arrival_concentric_ovals, layout_basic
D:2:      layout_basic
D:3:      minmay_octagon_keep, layout_loops_cross,
          grunt_temple_overflow_opulence, hellmonk_ecumenical_altar_arch_garden,
          hellmonk_ghost_happy_afterlife
D:4:      layout_rooms, minmay_temple_entry_mini_moons

Skill      XL: |  1  2  3  4  5 |
---------------+----------------+-----
Fighting       | 3 4 |  4.0
Polearms       | 1 2 |  2.0
Dodging        | 3 |  3.4
Short Blades   | 1 |  1.2
Unarmed Combat | |  3.0

Action                   |  1- 3 |  4- 6 || total
-------------------------+-------+-------++-------
Melee: Spear             |    82 |       ||    82
       Unarmed           |     7 |       ||     7
       Dagger            |    64 |    85 ||   149
       Punch             |       |     2 ||     2
  Use: Scroll            |     6 |       ||     6
       Potion            |     2 |       ||     2
Armor: Animal skin       |    39 |       ||    39
       Robe              |    23 |    21 ||    44
Dodge: Dodged            |    86 |    33 ||   119
